 Dungeon Crawl Stone Soup version 0.22-a0-515-g75794bf (webtiles) character file.

3250 iamserjio the Carver (level 9, -1/62 HPs)
             Began as an Octopode Skald on June 19, 2018.
             Was an Initiate of Gozag.
             Slain by a hog (11 damage)
             ... on level 7 of the Dungeon.
             The game lasted 00:27:27 (10895 turns).

iamserjio the Carver (Octopode Skald)              Turns: 10895, Time: 00:27:28

Health: -1/62      AC:  1    Str: 13    XL:     9   Next: 99%
Magic:  13/14      EV: 14    Int: 16    God:    Gozag
Gold:   948        SH:  0    Dex: 11    Spells: 3/15 levels left

rFire    . . .     SeeInvis .   v - +0 long sword
rCold    . . .     Gourm    .   (no shield)
rNeg     + + .     Faith    .   (helmet restricted)
rPois    .         Spirit   .   (no amulet)
rElec    .         Reflect  .   (no ring)
rCorr    .         Harm     .   w - ring of positive energy
MR       .....                  t - ring of positive energy
Stlth    +++++.....             (no ring)
HPRegen  0.20/turn              (no ring)
MPRegen  0.14/turn              (no ring)
                                (no ring)
                                (no ring)

@: very slightly contaminated
A: almost no armour, stealthy swim, amphibious, 8 rings, constrict 8, camouflage
1, gelatinous body 1
a: Potion Petition, Call Merchant, Bribe Branch, Renounce Religion


You were on level 7 of the Dungeon.
You worshipped Gozag.
Gozag was pleased with you.
You were not hungry.

You visited 1 branch of the dungeon, and saw 7 of its levels.

You collected 965 gold pieces.
You paid 17 gold pieces to Gozag.

Inventory:

Hand Weapons
 a - a +0 rapier
 v - a +0 long sword (weapon)
 x - a +0 mace of crushing
 B - a +2 dire flail of crushing
 F - a +0 blowgun
Missiles
 b - 55 poisoned needles
 d - 388 stones (quivered)
Jewellery
 t - a ring of positive energy (on tentacle)
 w - a ring of positive energy (right tentacle)
 I - an uncursed ring of ice {unknown}
Wands
 j - a wand of polymorph (16)
 n - a wand of digging (14)
 y - a wand of scattershot (3)
 C - a wand of paralysis (11)
 E - a wand of disintegration (6)
Scrolls
 f - a scroll of teleportation
 g - 2 scrolls of enchant weapon
 l - a scroll of blinking {unknown}
 m - 2 scrolls of remove curse {@r2}
 o - a scroll of immolation {unknown}
 p - a scroll of fear {unknown}
 q - 2 scrolls of fog {unknown}
 r - a scroll of enchant armour {unknown}
 s - 3 scrolls of magic mapping
 u - 2 scrolls of amnesia {unknown}
Potions
 e - a potion of invisibility
 h - 2 potions of might
 i - a potion of heal wounds
 k - 2 potions of agility
 z - 3 potions of curing {@q1}
 A - 2 potions of lignification {unknown}
 D - a potion of haste {unknown}
 G - a potion of magic {unknown}
 H - a potion of flight {unknown}
Comestibles
 c - 2 rations


   Skills:
 + Level 5.6 Fighting
 * Level 8.5 Long Blades
 - Level 3.0 Dodging
 - Level 8.3 Stealth
 + Level 3.7 Spellcasting
 - Level 3.0 Hexes
 + Level 5.6 Charms
 - Level 2.1 Necromancy


You had 3 spell levels left.
You knew the following spells:

 Your Spells              Type           Power        Failure   Level  Hunger
a - Infusion              Chrm           ###.         1%          1    None
b - Song of Slaying       Chrm           ###.....     2%          2    ##.....
c - Spectral Weapon       Hex/Chrm       ###.....     9%          3    ###....
d - Shroud of Golubria    Chrm/Tloc      ##........   9%          2    ##.....
e - Regeneration          Chrm/Necr      ###.......   11%         3    ###....
f - Animate Skeleton      Necr           N/A          8%          1    None

Your spell library contained the following spells:

 Spells                   Type           Power        Failure   Level  Hunger
 Apportation              Tloc           #.....       17%         1    None
 Summon Small Mammal      Summ           #...         17%         1    None
 Confusing Touch          Hex            ##....       4%          1    None


Dungeon Overview and Level Annotations

Branches:
Dungeon (7/15)
 Temple: D:4-7

Altars:
Dithmenos
Gozag
Hepliaklqana
Makhleb
Trog
Uskayaw
Vehumet
Wu Jian
Yredelemnul
The Shining One


Innate Abilities, Weirdness & Mutations

You cannot wear most types of armour.
You are very stealthy in the water. (Stealth+)
You are amphibious.
You can wear up to eight rings at the same time.
You can use your tentacles to constrict eight enemies at once.
Your skin changes colour to match your surroundings (Stealth+).
Your rubbery body absorbs attacks. (AC +1, EV +1)


Message History

The hog bites you!
Your shroud falls apart!
The hog bites you.
You barely miss the hog. Your grab misses the hog.
The hog is lightly wounded.
The hog bites you!
Casting: Shroud of Golubria (safe; 9% risk of failure)
Confirm with . or Enter, or press ? or * to list all spells.
You miscast Shroud of Golubria.
You are very lightly contaminated with residual magic.
You feel a strange surge of energy! The hog barely misses you.
The hog bites you!
* * * LOW HITPOINT WARNING * * *
The hog barely misses you. The hog misses you. The hog bites you!
* * * LOW HITPOINT WARNING * * *
The hog bites you!
You die...
Your body crumbles into a pile of gold.

[Yh..#....# #..........##
..#...|##..# #.....#.....#
#####.## #..### #.....##.#.). ..
#h# #...# #.....#..##.. .. #Y#
##.# #....)#.###.. #####.# #.#
##.....#.####. #....# #.#
##..............
###...#######.###.......###.#####
............h..h@..##### #.# #
.........##.Y..h##.# #.# #
...................# #.# #
.........##.....#### ..#
###########)....# ... #...).##
... #####..# #... . #### .


You could see a yak and 3 hogs.

Vanquished Creatures
  Pikel (D:7)
  A human (D:7)
  Edmund (D:5)
  2 orc warriors
  2 phantoms (D:6)
  A sky beast (D:5)
  2 black bears
  A slave (D:6)
  4 ice beasts
  2 centaurs
  3 ogres
  2 big kobolds (D:6)
  Blork the orc (D:6)
  2 bullfrogs
  2 howler monkeys (D:7)
  A crimson imp (D:6)
  An orc priest (D:3)
  3 hounds
  A bullfrog skeleton (D:5)
  A gnoll shaman (D:6)
  2 jellies (D:6)
  An iguana (D:6)
  Ijyb (D:4)
  An orc wizard (D:7)
  4 worker ants
  5 gnolls (D:6)
  9 adders
  2 shadow imps
  3 oozes
  An adder skeleton (D:4)
  2 worms
  A dart slug (D:1)
  7 leopard geckos
  19 orcs
  2 ball pythons
  5 bats
  4 giant cockroaches
  9 goblins
  6 hobgoblins
  14 jackals
  2 quokkas
  6 frilled lizards
  A jackal zombie (D:5)
  11 kobolds
  A leopard gecko zombie (D:6)
  A quokka zombie (D:7)
  13 rats
167 creatures vanquished.

Vanquished Creatures (others)
  3 slaves (D:7)
  A plant (D:6)
  4 spectral weapons (D:6)
8 creatures vanquished.

Grand Total: 175 creatures vanquished

Notes
Turn   | Place    | Note
-------+----------+-------------------------------------------
     0 | D:1      | iamserjio the Octopode Skald began the quest for the Orb.
     0 | D:1      | Reached XP level 1. HP: 14/14 MP: 3/3
   169 | D:1      | Reached XP level 2. HP: 19/19 MP: 5/5
   500 | D:1      | Reached XP level 3. HP: 11/24 MP: 6/6
  1139 | D:1      | Reached skill level 1 in Stealth
  1570 | D:2      | Reached XP level 4. HP: 27/29 MP: 7/7
  1635 | D:2      | Learned a level 2 spell: Song of Slaying
  1639 | D:2      | Learned a level 3 spell: Spectral Weapon
  1799 | D:2      | Found a shadowy altar of Dithmenos.
  1799 | D:2      | Found an ornate altar of the Wu Jian Council.
  1800 | D:2      | Found a glowing golden altar of the Shining One.
  1808 | D:2      | Found an opulent altar of Gozag.
  1933 | D:2      | Became a worshipper of Gozag Ym Sagoz the Greedy
  2147 | D:2      | Found a hide-covered altar of Uskayaw.
  2546 | D:3      | Found a bloodstained altar of Trog.
  2563 | D:3      | Reached XP level 5. HP: 34/34 MP: 8/8
  3560 | D:4      | Reached skill level 1 in Hexes
  3580 | D:4      | Noticed Ijyb
  3586 | D:4      | Killed Ijyb
  4111 | D:4      | Found a basalt altar of Yredelemnul.
  4322 | D:5      | Entered Level 5 of the Dungeon
  4331 | D:5      | Noticed a sky beast
  4343 | D:5      | Killed a sky beast
  4343 | D:5      | Reached XP level 6. HP: 18/40 MP: 10/10
  4764 | D:5      | Learned a level 2 spell: Shroud of Golubria
  4768 | D:5      | Learned a level 3 spell: Regeneration
  5243 | D:5      | Reached XP level 7. HP: 39/45 MP: 11/11
  5419 | D:5      | Reached skill level 5 in Stealth
  5685 | D:5      | Learned a level 1 spell: Animate Skeleton
  5695 | D:5      | Reached skill level 5 in Long Blades
  6208 | D:5      | Noticed Edmund
  6218 | D:5      | Killed Edmund
  6218 | D:5      | Reached skill level 1 in Necromancy
  6218 | D:5      | Reached XP level 8. HP: 21/52 MP: 12/12
  6400 | D:5      | Found a burning altar of Makhleb.
  6746 | D:6      | Noticed Blork the orc
  6758 | D:6      | Killed Blork the orc
  8656 | D:6      | Reached XP level 9. HP: 59/59 MP: 13/13
  8859 | D:7      | Noticed Pikel
  8931 | D:7      | Found a radiant altar of Vehumet.
  9585 | D:7      | Reached skill level 5 in Fighting
  9585 | D:7      | Reached skill level 5 in Charms
 10214 | D:7      | Killed Pikel
 10612 | D:7      | Found a hazy altar of Hepliaklqana.
 10895 | D:7      | Slain by a hog

Vault maps used:
D:1:      dpeg_arrival_ratfight, minmay_misc_feat_columns
D:2:      old_standard_altar, nicolae_overflow_quartered_altars
D:3:      bloody_trog, grunt_decor_one_mirror
D:4:      kennysheep_mini_moat, first_ration, uniq_ijyb
D:5:      nicolae_overflow_crystal_walls, uniq_edmund
D:6:      corexii_shack, uniq_blork_the_orc
D:7:      kennysheep_mini, overflow_temple_1_default,
          minmay_temple_entry_from_below_a, grunt_livestock, uniq_pikel

Skill      XL: |  1  2  3  4  5  6  7  8  9 |
---------------+----------------------------+-----
Stealth        | 1 2 4 5 7 8 |  8.3
Long Blades    | 3 4 5 6 8 |  8.5
Dodging        | 3 |  3.0
Hexes          | 1 2 3 |  3.0
Spellcasting   | 3 |  3.7
Fighting       | 3 4 5 |  5.6
Necromancy     | 1 2 |  2.1
Charms         | 4 5 |  5.6

Action                   |  1- 3 |  4- 6 |  7- 9 || total
-------------------------+-------+-------+-------++-------
Melee: Falchion          |    63 |    25 |       ||    88
       Constrict         |    21 |    26 |    55 ||   102
       Tentacles         |    11 |    21 |    72 ||   104
       Long sword        |       |    73 |   256 ||   329
Throw: Stone             |       |       |    11 ||    11
 Cast: Shroud of Golubri |       |       |    20 ||    20
       Spectral Weapon   |       |       |    10 ||    10
       Regeneration      |       |       |     2 ||     2
Invok: Potion Petition   |       |     1 |       ||     1
Evoke: Wand              |       |       |     7 ||     7
  Use: Scroll            |       |     3 |     7 ||    10
       Potion            |       |       |     1 ||     1
 Stab: Sleeping          |     6 |    15 |     9 ||    30
       Distracted        |       |     1 |     1 ||     2
       Paralysed         |       |       |     4 ||     4
  Eat: Chunk             |     2 |     1 |       ||     3
       Ration            |       |     3 |     6 ||     9
Armor: Skin              |     5 |     4 |    13 ||    22
Dodge: Dodged            |    48 |    50 |   199 ||   297
       Rpst.: Falchion   |    19 |     4 |       ||    23
       Long sword        |       |     7 |    48 ||    55

Table legend:
 A = Spawn XP
 B = Non-spawn XP
 C = Spawn XP percentage of total XP
 D = Spawn monster count
 E = Non-spawn monster count
 F = Spawn count percentage of total count
 G = Total turns spent on level
                    A         B        C        D         E        F      G
               +---------+---------+-------+---------+---------+-------+---------
         Total |       0 |    4644 |   0.0 |       0 |     166 |   0.0 | 10895
               +---------+---------+-------+---------+---------+-------+---------
           D:1 |       0 |      68 |   0.0 |       0 |      38 |   0.0 |  1417
           D:2 |       0 |      52 |   0.0 |       0 |      21 |   0.0 |   824
           D:3 |       0 |      86 |   0.0 |       0 |      10 |   0.0 |  1210
           D:4 |       0 |      83 |   0.0 |       0 |      11 |   0.0 |   914
           D:5 |       0 |    1037 |   0.0 |       0 |      23 |   0.0 |  2473
           D:6 |       0 |    1565 |   0.0 |       0 |      38 |   0.0 |  2910
           D:7 |       0 |    1753 |   0.0 |       0 |      25 |   0.0 |  1147
               +---------+---------+-------+---------+---------+-------+---------
